 Dungeon Crawl Stone Soup version 0.28-a0-973-ga7f8b01127 (webtiles) character file.

Game seed: 10257941005261348998

144 freelancePsychic the Gusty (level 4, 0/33 HPs)
             Began as a Demigod Air Elementalist on Dec 2, 2021.
             Killed from afar by a white imp (8 damage)
             ... with a puff of frost
             ... on level 2 of the Dungeon.
             The game lasted 00:05:21 (2739 turns).

freelancePsychic the Gusty (DgAE)                   Turns: 2739, Time: 00:05:21

Health: 0/33       AC:  5    Str:  9    XL:     4   Next: 76%
Magic:  1/11       EV: 12    Int: 21    God:
Gold:   97         SH:  0    Dex: 14    Spells: 6/9 levels left

rFire   . . .      SeeInvis +   (no weapon)
rCold   . . .      Faith    .   (no shield)
rNeg    . . .      Spirit   .   a - +0 robe
rPois   .          Reflect  .   (no helmet)
rElec   .          Harm     .   (no cloak)
rCorr   .          Rampage  .   d - +2 pair of gloves
Will    .....                   (no boots)
Stlth   ++........              (no amulet)
HPRegen 0.11/turn               c - ring of see invisible
MPRegen 0.12/turn               (no ring)

@: hasted, very quick
A: high mp 1, forlorn, divine attributes
a: no special abilities


You were on level 2 of the Dungeon.
You visited 1 branch of the dungeon, and saw 3 of its levels.

You collected 124 gold pieces.
You spent 27 gold pieces at shops.

Inventory:

Armour
 a - a +0 robe (worn)
 d - a +2 pair of gloves (worn)
 e - a +0 pair of gloves
Jewellery
 c - a ring of see invisible (left hand)
 g - a ring of ice
Potions
 b - a potion of degeneration {unknown}
 f - a potion of heal wounds {@q2}
 h - a potion of mutation {unknown}
 k - 3 potions of brilliance {unknown}


   Skills:
 - Level 1.7 Dodging
 - Level 1.7 Stealth
 - Level 3.0 Spellcasting
 - Level 2.0 Conjurations
 + Level 4.0 Air Magic


You had 6 spell levels left.
You knew the following spells:

 Your Spells              Type           Power      Damage    Failure   Level
a - Shock                 Conj/Air       64%        1d7       3%          1
b - Static Discharge      Conj/Air       16%        N/A       6%          2

Your spell library contained the following spells:

 Spells                   Type           Power      Damage    Failure   Level
 Swiftness                Air            20%        N/A       8%          3
 Passwall                 Tmut/Erth      2%         N/A       21%         2
 Airstrike                Air            10%        N/A       26%         4


Dungeon Overview and Level Annotations

Branches:
Dungeon (3/15)

Shops:
D:2 *

Annotations:
D:1 Natasha


Innate Abilities, Weirdness & Mutations

You have an increased reservoir of magic. (+10% MP)
You shall have no god before yourself.
Your divine heritage dramatically boosts your attributes as you level up.


Message History

j - a potion of haste The white imp barely misses you.
Your magical contamination has completely faded away.
You feel yourself speed up. The white imp gestures at you.
The puff of frost hits you.
You hit the white imp but do no damage.
The white imp is heavily wounded.
The white imp hits you but does no damage.
You hit the white imp but do no damage.
The white imp is heavily wounded.
You closely miss the white imp.
The white imp is heavily wounded.
The white imp hits you but does no damage.
You hit the white imp but do no damage.
The white imp is heavily wounded.
You hit the white imp but do no damage.
The white imp is heavily wounded.
The white imp gestures at you. The puff of frost misses you.
You hit the white imp but do no damage.
The white imp is heavily wounded.
The white imp closely misses you.
You hit the white imp but do no damage.
The white imp is heavily wounded.
The white imp hits you. The white imp freezes you.
You are too injured to fight recklessly!
You closely miss the white imp.
The white imp is heavily wounded.
You barely miss the white imp.
The white imp is heavily wounded.
The white imp gestures at you. The puff of frost hits you!
The white imp hits you. The white imp freezes you.
* * * LOW HITPOINT WARNING * * *
You climb upwards.
There is a stone staircase leading down here.
The white imp gestures at you. The puff of frost hits you!
You die...

##########......
#.......##......
##.......########
#..............(.
#........########
#######........########
####......>5..............
#......##.........#####...
#...(..##@#.......# #...
#......##.####''#######...
#......##.+..<..∩..+.#####
#......#######''####.##<..
#......# #....# #.......
#......### #....###.......
#........# #..............
#........# #..........####
#........# #..............


You could see a white imp.

Vanquished Creatures
  A hound (D:3)
  Natasha (D:1)
  An orc wizard (D:3)
  2 dart slugs
  3 orcs (D:3)
  6 endoplasms
  5 giant cockroaches
  5 goblins
  4 hobgoblins
  4 jackals
  4 quokkas
  4 ball pythons
  5 bats (D:1)
  2 frilled lizards
  A kobold (D:1)
  6 rats
54 creatures vanquished.

Notes
Turn   | Place    | Note
-------+----------+-------------------------------------------
     0 | D:1      | freelancePsychic the Demigod Air Elementalist began the
                  | quest for the Orb.
     0 | D:1      | Reached XP level 1. HP: 14/14 MP: 5/5
    96 | D:1      | Reached skill level 1 in Conjurations
   407 | D:1      | Reached XP level 2. HP: 20/20 MP: 0/7
   578 | D:1      | Reached skill level 3 in Air Magic
  1300 | D:2      | Noticed Natasha
  1317 | D:1      | Reached XP level 3. HP: 23/26 MP: 1/9
  1392 | D:1      | Learned a level 2 spell: Static Discharge
  1399 | D:1      | Killed Natasha
  1410 | D:1      | Noticed Natasha
  1797 | D:2      | Found Zeleegib's Assorted Antiques.
  1801 | D:2      | Bought a scroll labelled NAG UTZUCWU for 27 gold pieces
  2467 | D:3      | Reached XP level 4. HP: 33/33 MP: 4/11
  2718 | D:3      | Reached skill level 4 in Air Magic
  2739 | D:2      | Killed from afar by a white imp

Illustrated notes

Levels and vault maps discovered:
D:1:      moated_graveyard_arrival, layout_loops_cross
D:2:      layout_basic, basic_altar, serial_shops, nicolae_shop_hallway_stairs,
          dilly_ecumenical_altar_fadedgnrine, minmay_indecisive_spiral,
          uniq_natasha
D:3:      layout_basic, lemuel_doored_altar, minmay_misc_feat_ornament

Skill      XL: |  1  2  3  4 |
---------------+-------------+-----
Conjurations   | 1 2 |  2.0
Spellcasting   | 2 3 |  3.0
Air Magic      | 3 4 |  4.0
Dodging        | |  1.7
Stealth        | |  1.7

Action                   |  1- 3 |  4- 6 || total
-------------------------+-------+-------++-------
Melee: Unarmed           |     4 |     9 ||    13
 Cast: Shock             |    87 |     9 ||    96
       Static Discharge  |    12 |     8 ||    20
  Use: Scroll            |     3 |     1 ||     4
       Potion            |       |     2 ||     2
Armor: Robe              |    10 |     8 ||    18
Dodge: Dodged            |    17 |     6 ||    23

Table legend: (Time is in decaauts)
 A = Elapsed time spent in this place.
 B = Non-inter-level travel time spent in this place.
 C = Inter-level travel time spent in this place.
 D = Time resting spent in this place.
 E = Time spent auto-exploring this place.
 F = Levels seen in this place.
 G = Mean time per level.
                   A        B        C        D        E       F      G
               +--------+--------+--------+--------+--------+-----+--------+
         Total |   2736 |   2702 |     34 |     86 |   2272 |   3 |  912.0 |
       Dungeon |   2736 |   2702 |     34 |     86 |   2272 |   3 |  912.0 |
               +--------+--------+--------+--------+--------+-----+--------+

Top non-repeatable levels by time:
     D:1: 1337 daAuts
     D:2: 1027 daAuts
     D:3: 371 daAuts
